 Dungeon Crawl Stone Soup version 0.29.0-4-gdea44cf6ec (webtiles) character file.

Game seed: 1693980556638249944

374 qw the Ruffian (level 6, -1/48 HPs)
             Began as a Ghoul Fire Elementalist on Aug 29, 2022.
             Slain by an ogre
             ... wielding a +0 giant club
              (19 damage)
             ... on level 5 of the Dungeon.
             The game lasted 00:03:59 (4859 turns).

qw the Ruffian (Ghoul Fire Elementalist)            Turns: 4859, Time: 00:04:00

Health: -1/48      AC:  9    Str: 12 (14) XL:     6   Next: 72%
Magic:  7/7        EV:  5    Int: 10      God:
Gold:   201        SH:  0    Dex:  6 (9)  Spells: 7/8 levels left

rFire   . . .      SeeInvis .     - Unarmed
rCold   + . .      Faith    .   (no shield)
rNeg    + + +      Spirit   .   f - +0 chain mail
rPois   inf        Reflect  .   (no helmet)
rElec   .          Harm     .   (no cloak)
rCorr   .          Rampage  .   h - +0 pair of gloves
Will    .....                   (no boots)
Stlth   ..........              (no amulet)
HPRegen 0.00/turn               (no ring)
MPRegen 0.10/turn               (no ring)

@: inhibited regen
A: claws 1, cold resistance 1, negative energy resistance 3, inhibited
regeneration, torment resistance 2, devour on kill
a: no special abilities


You were on level 5 of the Dungeon.
You visited 1 branch of the dungeon, and saw 5 of its levels.

You collected 201 gold pieces.


Innate Abilities, Weirdness & Mutations

You are immune to poison.
You have sharp fingernails.
Your flesh is cold resistant. (rC+)
You are immune to negative energy. (rN+++)
You do not regenerate when monsters are visible.
You are immune to unholy pain and torment.
You thrive by killing the living.


   Skills:
 + Level 2.0 Fighting
 - Level 1.0 Armour
 - Level 1.7 Dodging
 - Level 2.1 Stealth
 - Level 6.6 Unarmed Combat
 - Level 1.7 Spellcasting
 - Level 0.7 Conjurations
 - Level 2.4 Fire Magic


You had 7 spell levels left.
You knew the following spells:

 Your Spells              Type           Power      Damage    Failure   Level
a - Foxfire               Conj/Fire      16%        2x1d4     100%        1

Your spell library contained the following spells:

 Spells                   Type           Power      Damage    Failure   Level
 Scorch                   Fire           10%        2d6       100%        2
 Conjure Flame            Conj/Fire      4%         6-21      100%        3
 Inner Flame              Hex/Fire       3%         N/A       100%        3
 Flame Wave               Conj/Fire      4%         2d5       100%        4

Inventory:

Armour
 e - the +1 ring mail "Uxiwiave" {Int+5}
   (You found it on level 4 of the Dungeon)

   Int:       It affects your intelligence (+5).
 f - a +0 chain mail (worn)
 h - a +0 pair of gloves (worn)
Jewellery
 c - a ring of ice
Scrolls
 b - a scroll of identify
Potions
 a - a potion of might {unknown}
 d - 3 potions of curing
 g - a potion of brilliance {unknown}

Dungeon Overview and Level Annotations

Branches:
Dungeon (4/15)
 Temple: D:4-7

Altars:
Cheibriados
Yredelemnul

Annotations:
D:1 1 runed translucent door


Message History

The black bear is heavily wounded.
The black bear bites you.
The black bear claws you but does no damage. x2
You closely miss the black bear.
The black bear is heavily wounded.
The black bear bites you. The black bear claws you.
The black bear claws you but does no damage.
You punch the black bear!
The black bear is severely wounded.
The black bear barely misses you.
The black bear claws you but does no damage.
The black bear barely misses you.
You hit the black bear.
The black bear is almost dead.
You barely miss the black bear.
The black bear is almost dead.
The black bear goes berserk!
An ogre comes into view. It is wielding a +0 giant club.
4852 ||| Stepping ~*~*~tactically~*~*~ (stealth).
The black bear attacks as you move away!
The black bear bites you. The black bear claws you.
The black bear claws you but does no damage.
The black bear bites you! The black bear barely misses you.
The black bear claws you.
You hear a shout!
You hit the black bear.
The black bear is almost dead.
The black bear barely misses you.
The black bear claws you but does no damage. x2
You punch the black bear!
You kill the black bear!
You feel better.
You feel your intelligence returning.
Your Unarmed Combat skill increases to level 6!
You start resting.
An ogre is nearby!
You hit the ogre.
The ogre is lightly wounded.
The ogre hits you with a +0 giant club!!
You die...

## ## #. .# ########
#. .# #......#
#.####.# #.####.####
#....#.# #.####....#
#..#.#.# #.##......#
#..#@#.# #..........
#..O...# #..........
##.#)######..........
#.#.....[...........
#.########).........
#. #)o........ #O
........... #.
...#######.# #. ...o#
#.#


You could see an ogre.

Vanquished Creatures
  A black bear (D:5)
  2 orc priests (D:4)
  Terence (D:3)
  An iguana (D:5)
  3 gnolls (D:2)
  3 adders
  4 worms
  2 dart slugs
  18 orcs
  3 endoplasms (D:2)
  2 giant cockroaches (D:1)
  A goblin (D:4)
  5 hobgoblins
  9 jackals
  4 kobolds
  A quokka (D:4)
  12 ball pythons
  5 bats
  A frilled lizard (D:2)
  4 rats
82 creatures vanquished.

Notes
Turn   | Place    | Note
-------+----------+-------------------------------------------
     0 | D:1      | qw the Ghoul Fire Elementalist began the quest for the Orb.
     0 | D:1      | Reached XP level 1. HP: 14/14 MP: 2/2
     0 | D:1      | 0 ||| qw: Version: 0.1-a-90-g952f4b7
     0 | D:1      | 0 ||| qw: Game counter: 3895
     0 | D:1      | 0 ||| qw: Always use a shield: true
     0 | D:1      | 0 ||| qw: God list: Okawaru
     0 | D:1      | 0 ||| qw: Allow faded altars: false
     0 | D:1      | 0 ||| qw: Do Orc after D:15 true
     0 | D:1      | 0 ||| qw: Do second Lair branch before Depths: true
     0 | D:1      | 0 ||| qw: Lair rune preference: random
     0 | D:1      | 0 ||| qw: Plans: Normal
     0 | D:1      | 0 ||| PLANNING D:1-11
     1 | D:1      | Found a runed translucent door.
   141 | D:1      | Reached skill level 1 in Unarmed Combat
   205 | D:1      | Found a faded altar of an unknown god.
   375 | D:1      | 375 ||| Stepping ~*~*~tactically~*~*~ (stealth).
   388 | D:1      | Reached skill level 1 in Fighting
   388 | D:1      | Reached XP level 2. HP: 23/23 MP: 3/3
  1099 | D:1      | 1099 ||| READING scroll labelled YSSILIAN BANIRIC.
  1100 | D:1      | 1100 ||| READING scroll labelled TYMINI DUOHY.
  1101 | D:1      | 1101 ||| READING scroll labelled IXALYF ZABBEU.
  1102 | D:1      | 1102 ||| READING 2 scrolls labelled AFRUGECZ XEWK.
  1107 | D:1      | 1107 ||| DRINKING 2 lumpy amethyst potions.
  1108 | D:1      | 1108 ||| DRINKING 2 purple potions.
  1109 | D:1      | 1109 ||| DRINKING 2 murky orange potions.
  1110 | D:1      | 1110 ||| DROPPING potion of magic.
  1111 | D:1      | 1111 ||| DROPPING potion of lignification.
  1136 | D:2      | 1136 ||| Stepping ~*~*~tactically~*~*~ (stealth).
  1137 | D:2      | 1137 ||| STAIRDANCE
  1145 | D:1      | Reached skill level 2 in Unarmed Combat
  1244 | D:2      | 1244 ||| Stepping ~*~*~tactically~*~*~ (stealth).
  1371 | D:2      | 1371 ||| Stepping ~*~*~tactically~*~*~ (outnumbered).
  1372 | D:2      | 1372 ||| Stepping ~*~*~tactically~*~*~ (outnumbered).
  1373 | D:2      | 1373 ||| Stepping ~*~*~tactically~*~*~ (outnumbered).
  1374 | D:2      | 1374 ||| Stepping ~*~*~tactically~*~*~ (outnumbered).
  1375 | D:2      | 1375 ||| Stepping ~*~*~tactically~*~*~ (outnumbered).
  1376 | D:2      | 1376 ||| Stepping ~*~*~tactically~*~*~ (outnumbered).
  1376 | D:2      | HP: 4/23 [gnoll/+0 club (3)]
  1377 | D:2      | 1377 ||| READING scroll of teleportation.
  1378 | D:2      | 1378 ||| DRINKING potion of heal wounds.
  1379 | D:2      | 1379 ||| Stepping ~*~*~tactically~*~*~ (outnumbered).
  1403 | D:2      | Reached XP level 3. HP: 28/28 MP: 4/4
  1429 | D:2      | HP: 3/28 [gnoll/+0 club (6)]
  1431 | D:2      | Reached skill level 3 in Unarmed Combat
  1880 | D:2      | Reached XP level 4. HP: 33/35 MP: 5/5
  1926 | D:2      | 1926 ||| Stepping ~*~*~tactically~*~*~ (stealth).
  1927 | D:2      | 1927 ||| Stepping ~*~*~tactically~*~*~ (stealth).
  1929 | D:2      | 1929 ||| Stepping ~*~*~tactically~*~*~ (stealth).
  1935 | D:2      | 1935 ||| Stepping ~*~*~tactically~*~*~ (stealth).
  1949 | D:2      | 1949 ||| FLEEEEING.
  1950 | D:2      | 1950 ||| FLEEEEING.
  1954 | D:2      | 1954 ||| FLEEEEING.
  1955 | D:2      | 1955 ||| FLEEEEING.
  1956 | D:2      | 1956 ||| FLEEEEING.
  2054 | D:2      | 2054 ||| FLEEEEING.
  2055 | D:2      | 2055 ||| FLEEEEING.
  2056 | D:2      | 2056 ||| FLEEEEING.
  2057 | D:2      | 2057 ||| FLEEEEING.
  2405 | D:2      | Reached skill level 4 in Unarmed Combat
  2434 | D:2      | 2434 ||| UPGRADING to +0 chain mail.
  2444 | D:2      | 2444 ||| DROPPING +0 robe.
  2445 | D:2      | 2445 ||| UPGRADING to +0 pair of gloves.
  2450 | D:2      | 2450 ||| DROPPING amulet of faith.
  2451 | D:2      | 2451 ||| READING scroll labelled WOSESUSAVO.
  2452 | D:2      | 2452 ||| READING scroll labelled NOCIONL HOHEH.
  2481 | D:3      | 2481 ||| PLANNING SEWER
  2482 | D:3      | 2482 ||| Stepping ~*~*~tactically~*~*~ (outnumbered).
  2483 | D:3      | 2483 ||| Stepping ~*~*~tactically~*~*~ (outnumbered).
  2484 | D:3      | 2484 ||| Stepping ~*~*~tactically~*~*~ (outnumbered).
  2485 | D:3      | 2485 ||| Stepping ~*~*~tactically~*~*~ (outnumbered).
  2726 | D:3      | 2726 ||| Stepping ~*~*~tactically~*~*~ (stealth).
  2727 | D:3      | 2727 ||| Stepping ~*~*~tactically~*~*~ (stealth).
  2728 | D:3      | 2728 ||| Stepping ~*~*~tactically~*~*~ (stealth).
  2730 | D:3      | 2730 ||| STAIRDANCE
  2733 | D:2      | Reached skill level 1 in Armour
  2837 | D:3      | 2837 ||| STAIRDANCE
  2879 | D:3      | 2879 ||| STAIRDANCE
  2881 | D:2      | 2881 ||| Stepping ~*~*~tactically~*~*~ (outnumbered).
  2882 | D:2      | 2882 ||| Stepping ~*~*~tactically~*~*~ (outnumbered).
  2952 | D:3      | 2952 ||| STAIRDANCE
  2988 | D:3      | 2988 ||| Stepping ~*~*~tactically~*~*~ (stealth).
  2996 | D:3      | 2996 ||| Stepping ~*~*~tactically~*~*~ (stealth).
  3083 | D:3      | Reached XP level 5. HP: 41/41 MP: 6/6
  3152 | D:3      | 3152 ||| RIP SEWER
  3188 | D:3      | 3188 ||| PLANNING D:1-11
  3188 | D:3      | 3188 ||| READING scroll labelled BEHUTWUOWNE.
  3190 | D:3      | 3190 ||| DRINKING 3 black potions.
  3191 | D:3      | 3191 ||| DROPPING 2 potions of attraction.
  3192 | D:3      | 3192 ||| Stepping randomly (stuck).
  3193 | D:3      | 3193 ||| Stepping randomly (stuck).
  3194 | D:3      | 3194 ||| Stepping randomly (stuck).
  3195 | D:3      | 3195 ||| Stepping randomly (stuck).
  3296 | D:3      | 3296 ||| Stepping ~*~*~tactically~*~*~ (hiding).
  3414 | D:3      | Found a basalt altar of Yredelemnul.
  3508 | D:3      | Noticed Terence
  3536 | D:3      | Killed Terence
  3842 | D:3      | 3842 ||| DRINKING 2 smoky grey potions.
  3843 | D:3      | 3843 ||| DROPPING potion of degeneration.
  3897 | D:4      | Found a snail-covered altar of Cheibriados.
  3965 | D:4      | Identified the +1 ring mail "Uxiwiave" {Int+5}
  4234 | D:4      | 4234 ||| Stepping ~*~*~tactically~*~*~ (stealth).
  4236 | D:4      | 4236 ||| Stepping ~*~*~tactically~*~*~ (stealth).
  4466 | D:4      | 4466 ||| Stepping ~*~*~tactically~*~*~ (hiding).
  4504 | D:4      | HP: 9/41 [orc priest/+0 dagger (4)]
  4505 | D:4      | 4505 ||| DRINKING potion of heal wounds.
  4508 | D:4      | Reached skill level 5 in Unarmed Combat
  4542 | D:4      | Reached XP level 6. HP: 30/48 MP: 7/7
  4685 | D:4      | You fall into a shaft and drop 1 floor!
  4685 | D:5      | Entered Level 5 of the Dungeon
  4687 | D:5      | 4687 ||| PLANNING OSSUARY
  4732 | D:5      | 4732 ||| Stepping ~*~*~tactically~*~*~ (outnumbered).
  4736 | D:5      | 4736 ||| Stepping ~*~*~tactically~*~*~ (stealth).
  4739 | D:5      | 4739 ||| Stepping ~*~*~tactically~*~*~ (stealth).
  4760 | D:5      | 4760 ||| Stepping ~*~*~tactically~*~*~ (stealth).
  4836 | D:5      | Noticed a black bear
  4852 | D:5      | 4852 ||| Stepping ~*~*~tactically~*~*~ (stealth).
  4854 | D:5      | Killed a black bear
  4855 | D:5      | Reached skill level 6 in Unarmed Combat
  4859 | D:5      | Slain by an ogre

Levels and vault maps discovered:
D:1:      dpeg_arrival_caged_fury, layout_basic, basic_ecumenical_altar
D:2:      wander_river, layout_basic
D:3:      layout_rooms, lemuel_doored_altar, cheibrodos_sewer_entry_bend,
          uniq_terence
D:4:      layout_basic, nicolae_overflow_crystal_walls,
          chequers_serial_rivers_large_b
D:5:      layout_loops_cross, lightli_ossuary_entry_decrepit_ruins,
          uniq_prince_ribbit1, uniq_menkaure, uniq_edmund

Skill      XL: |  1  2  3  4  5  6 |
---------------+-------------------+-----
Unarmed Combat | 1 2 3 4 5 6 |  6.6
Fighting       | 1 2 |  2.0
Armour         | 1 |  1.0
Dodging        | |  1.7
Stealth        | |  2.1
Spellcasting   | |  1.7
Conjurations   | |  0.7
Fire Magic     | |  2.4

Action                   |  1- 3 |  4- 6 || total
-------------------------+-------+-------++-------
Melee: Unarmed           |   104 |   298 ||   402
       Punch             |     2 |    12 ||    14
  Use: Scroll            |     5 |     3 ||     8
       Potion            |     4 |     3 ||     7
Armor: Robe              |    13 |     8 ||    21
       Chain mail        |       |   126 ||   126
Dodge: Dodged            |    69 |    81 ||   150

Table legend:
 A = Non-vault XP
 B = Vault XP
 C = Vault XP percentage of total XP
 D = Non-vault monster count
 E = Vault monster count
 F = Vault count percentage of total count
                 A         B        C        D         E       F
            +---------+---------+-------+---------+---------+-------
      Total |     494 |      41 |   7.7 |      80 |       2 |   2.4
            +---------+---------+-------+---------+---------+-------
        D:1 |      27 |       0 |   0.0 |      16 |       0 |   0.0
        D:2 |     102 |       0 |   0.0 |      26 |       0 |   0.0
        D:3 |      60 |      41 |  40.6 |      15 |       2 |  11.8
        D:4 |     115 |       0 |   0.0 |      16 |       0 |   0.0
        D:5 |     190 |       0 |   0.0 |       7 |       0 |   0.0
            +---------+---------+-------+---------+---------+-------
